[Event "Team 45 45 League T44"]
[Site "Internet Chess Club"]
[Date "2010.02.19"]
[Round "3"]
[White "GiulioCre"]
[Black "Newcastler"]
[Result "1-0"]
[WhiteElo "1334"]
[BlackElo "1332"]
[Opening "Queen's pawn game"]
[ECO "D05"]
[Time "15:30:17"]
[TimeControl "2700+45"]

1. d4 d5 2. Nf3 e6 3. e3 Nf6 4. Bd3 Be7 5. Nbd2 O-O 6. O-O c5 7. c3 cxd4 8. exd4
Nc6 9. Re1 b6 10. b4 a5 11. b5 Na7 12. c4 Qc7 13. Ne5 h6 14. a4 Bd6 15. f4 Nd7
16. g4 Nxe5 17. fxe5 Be7 18. Qc2 Bh4 19. Bh7+ Kh8 20. Re3 Qe7 21. Nf3 Bg5 22.
Nxg5 Qxg5 23. Rg3 Qe7 24. g5 Qb4 25. Ba3 Qxc4 26. Qxc4 dxc4 27. Bxf8 Kxh7 28.
gxh6 g6 29. Rh3 Bb7 30. Ba3 Bd5 31. Rf1 Rf8 32. Bxf8 g5 33. Rxf7+ Kg6 34. Rxa7
{Black resigns} 1-0

[Event "Team 45 45 League T44"]
[Site "Internet Chess Club"]
[Date "2010.02.20"]
[Round "3"]
[White "ffplayer"]
[Black "dxf"]
[Result "1-0"]
[WhiteElo "1033"]
[BlackElo "1189"]
[Opening "Nimzo-Indian: classical variation"]
[ECO "E32"]
[Time "11:00:21"]
[TimeControl "2700+45"]

1. d4 Nf6 2. c4 e6 3. Nc3 Bb4 4. Qc2 O-O 5. Bg5 b6 6. e4 Be7 7. Nf3 d5 8. e5
Nfd7 9. Bxe7 Qxe7 10. Bd3 g6 11. O-O c5 12. cxd5 cxd4 13. d6 Qe8 14. Nb5 Qd8 15.
Nc7 Bb7 16. Qe2 Nxe5 17. Nxe5 Qxd6 18. Nxa8 Bxa8 19. Nc4 Qe7 20. f3 Bb7 21. b3
Nd7 22. Ne5 Nf6 23. Nc4 Nh5 24. Qd2 Qh4 25. Qf2 Qf6 26. Rad1 e5 27. Be4 Bc8 28.
Rfe1 Nf4 29. Bb1 Bh3 30. g3 Qg5 31. Rxe5 Bf5 32. Bxf5 Nh3+ 33. Bxh3 {Black
resigns} 1-0

[Event "Team 45 45 League T44"]
[Site "Internet Chess Club"]
[Date "2010.02.21"]
[Round "3"]
[White "Leslee52"]
[Black "carolinaknight"]
[Result "0-1"]
[WhiteElo "1113"]
[BlackElo "1251"]
[Opening "French: advance, Nimzovich system"]
[ECO "C02"]
[Time "18:05:17"]
[TimeControl "2700+45"]

1. e4 e6 2. d4 d5 3. e5 c5 4. Nf3 Qb6 5. Be2 Nc6 6. c3 cxd4 7. cxd4 Nge7 8. O-O
Nf5 9. Nc3 Bd7 10. Na4 Qa5 11. Bd2 Bb4 12. Nc5 Bxd2 13. Nxd2 Ncxd4 14. Ndb3
Nxe2+ 15. Qxe2 Qc7 16. Nxd7 Qxd7 17. Rac1 O-O 18. Rfd1 Rac8 19. h3 a6 20. g4 Nh4
21. Nd4 Qa4 22. a3 Rxc1 23. Rxc1 Qxd4 24. Rd1 Qf4 25. Rd3 Rc8 26. Rc3 Rxc3 27.
bxc3 Qc1+ 28. Kh2 Qxc3 29. Qe3 Qxe3 30. fxe3 Kf8 31. Kg3 Ng6 32. h4 Nxe5 33. Kf4
Nc4 34. h5 Nxa3 35. g5 b5 36. Ke5 b4 37. h6 g6 38. Kf6 Kg8 {White resigns} 0-1

[Event "Team 45 45 League T44"]
[Site "Internet Chess Club"]
[Date "2010.02.18"]
[Round "3"]
[White "zepled37"]
[Black "Dolphin"]
[Result "0-1"]
[WhiteElo "1740"]
[BlackElo "1673"]
[Opening "Pirc: classical system, 5.Be2"]
[ECO "B07"]
[Time "21:05:20"]
[TimeControl "2700+45"]

1. e4 d6 2. d4 g6 3. Nc3 Bg7 4. Nf3 Nf6 5. Be2 O-O 6. O-O Bg4 7. Be3 Nc6 8. Qd2
Re8 9. a3 Bxf3 10. Bxf3 Qd7 11. Ne2 e5 12. d5 Ne7 13. c4 Ng4 14. Bxg4 Qxg4 15.
f3 Qd7 16. b4 f5 17. Rfb1 fxe4 18. fxe4 Rf8 19. b5 b6 20. a4 Rf7 21. a5 Raf8 22.
axb6 axb6 23. Ra7 Qg4 24. Nc3 Nc8 25. Ra8 Ne7 26. Ra7 Nc8 27. Ra8 Ne7 28. Qa2
Qh4 29. Rxf8+ Rxf8 30. Qd2 h6 31. Ra1 Kh7 32. Ra7 Qf6 33. Qe2 Rc8 34. Qf2 Ng8
35. Qxf6 Nxf6 36. h3 h5 37. Kf2 Bh6 38. Bxb6 Ne8 39. Be3 Bxe3+ 40. Kxe3 Kh6 41.
Na2 h4 42. Nb4 Nf6 43. Na6 Ne8 44. Rb7 Kg5 45. Rb8 Rxb8 46. Nxb8 Kf6 47. Nc6 Ng7
48. Nb4 Ne8 49. Na6 Kg5 50. c5 dxc5 51. Nxc5 Kh6 52. Kd3 Nd6 53. Ne6 Nxb5 54.
Kc4 Nd6+ 55. Kc5 Nxe4+ 56. Kc6 Nf6 57. Nxc7 e4 58. Nb5 e3 59. Nc3 Kg5 60. d6 Kf4
61. Ne2+ Ke4 62. d7 Nxd7 63. Kxd7 Kd3 64. Nf4+ Kd2 65. Ke6 e2 66. Nxe2 Kxe2 67.
Kf6 Kf2 68. Kxg6 Kxg2 69. Kg5 Kxh3 70. Kh5 Kg3 71. Kg5 h3 {White resigns} 0-1

[Event "Team 45 45 League T44"]
[Site "Internet Chess Club"]
[Date "2010.02.19"]
[Round "3"]
[White "sly20"]
[Black "tightfist"]
[Result "1-0"]
[WhiteElo "1386"]
[BlackElo "1479"]
[Opening "Queen's pawn"]
[ECO "A40"]
[Time "18:18:21"]
[TimeControl "2700+45"]

1. d4 e6 2. Nf3 b6 3. e4 Bb7 4. Bd3 c5 5. O-O Nf6 6. e5 Nd5 7. a3 Be7 8. c4 Nc7
9. Nbd2 cxd4 10. Nxd4 d5 11. Qg4 O-O 12. N2f3 Ne8 13. Qh3 g6 14. Qg3 Nd7 15. b4
dxc4 16. Bxc4 Ng7 17. Bh6 Bxf3 18. Bxg7 Kxg7 19. gxf3 Re8 20. f4 Kh8 21. Nc6 Qc7
22. Nxe7 Rxe7 23. Rac1 Qd8 24. Ba6 Re8 25. Rfd1 Qe7 26. Rc7 Red8 27. Bb5 Rac8
28. Rxc8 Rxc8 29. Rxd7 Rc1+ 30. Kg2 Qe8 31. Qg5 Qa8+ 32. f3 Rc2+ 33. Kg3 Rc1 34.
Qf6+ Kg8 35. Qxf7+ Kh8 36. Qxh7# {Black checkmated} 1-0

[Event "Team 45 45 League T44"]
[Site "Internet Chess Club"]
[Date "2010.02.22"]
[Round "3"]
[White "Aquaman"]
[Black "AlPearson"]
[Result "0-1"]
[WhiteElo "1273"]
[BlackElo "1438"]
[Opening "Pirc: classical (two knights) system"]
[ECO "A48"]
[Time "15:05:14"]
[TimeControl "2700+45"]

1. d4 Nf6 2. Nf3 g6 3. Nc3 Bg7 4. e4 d6 5. Be3 O-O 6. Qd2 Nbd7 7. Bh6 c5 8. Bxg7
Kxg7 9. O-O-O cxd4 10. Qxd4 Qa5 11. Kb1 Nb6 12. e5 dxe5 13. Nxe5 Be6 14. Nd3
Rfd8 15. Qc5 Qxc5 16. Nxc5 Rxd1+ 17. Nxd1 Rd8 18. Nxe6+ fxe6 19. Kc1 Ne4 20. Bd3
Nc5 21. Be2 Nd5 22. g3 Kf6 23. c4 Nb4 24. Nc3 Nbd3+ 25. Bxd3 Nxd3+ 26. Kc2 a6
27. f3 Ke5 28. f4+ Kd4 29. Rd1 Ke3 30. a3 Rd4 31. b3 Nf2 32. Re1+ Kf3 33. Rxe6
Rd7 34. Nd5 Kg2 35. Re2 Kf3 36. Rxe7 Rxe7 37. Nxe7 Ng4 38. Ng8 Nxh2 39. Nf6 h5
40. Kd3 Kxg3 41. Ke4 h4 42. Nd5 h3 43. Ne3 Ng4 44. f5 gxf5+ 45. Nxf5+ Kf2 46.
Kf4 h2 47. Ng3 Nf6 48. b4 Ne8 49. a4 Nd6 50. c5 Nc4 51. Nh1+ Ke2 52. Ng3+ Kd3
53. b5 a5 54. Kf5 Kd4 55. c6 bxc6 56. bxc6 Nd6+ 57. Ke6 Nc8 58. Kd7 Kc5 59. c7
Na7 60. c8=Q+ Nxc8 61. Kxc8 Kb4 62. Kb7 Kxa4 63. Ka6 Kb4 64. Kb6 a4 65. Kc6 a3
66. Kd5 a2 {White resigns} 0-1

[Event "Team 45 45 League T44"]
[Site "Internet Chess Club"]
[Date "2010.02.21"]
[Round "3"]
[White "vaknight"]
[Black "Quaq"]
[Result "0-1"]
[WhiteElo "1666"]
[BlackElo "1592"]
[Opening "Bird's opening"]
[ECO "A02"]
[Time "09:00:17"]
[TimeControl "2700+45"]

1. f4 b6 2. e4 Bb7 3. Nc3 e6 4. d3 Bb4 5. Bd2 d5 6. exd5 exd5 7. d4 Ne7 8. Bd3
Nd7 9. a3 Bxc3 10. bxc3 O-O 11. Nf3 Nf6 12. O-O Ne4 13. Ne5 Nf5 14. g4 Nfd6 15.
Qe1 f6 16. Nf3 Re8 17. Qh4 Qe7 18. Rfe1 Qf7 19. f5 c5 20. Bf4 c4 21. Bf1 g5 22.
Bxg5 fxg5 23. Nxg5 Nxg5 24. Qxg5+ Qg7 25. Qf4 Ne4 26. h4 h6 27. Bh3 Nxc3 28. f6
Rf8 29. g5 hxg5 30. hxg5 Qg6 31. Be6+ Kh8 32. Re3 Qh5 33. Rh3 Qxh3 34. Bxh3 Ne2+
35. Kf2 Nxf4 36. Bf5 Kg8 37. Rh1 Bc8 38. Bh7+ Kf7 39. Kg3 Ne2+ {White resigns}
0-1

[Event "Team 45 45 League T44"]
[Site "Internet Chess Club"]
[Date "2010.02.21"]
[Round "3"]
[White "LazyPeon"]
[Black "quaksterjohny"]
[Result "1-0"]
[WhiteElo "1633"]
[BlackElo "1386"]
[Opening "QGD semi-Slav: Chigorin defense"]
[ECO "D46"]
[Time "17:00:13"]
[TimeControl "2700+45"]

1. d4 d5 2. c4 c6 3. Nc3 Nf6 4. Nf3 Nbd7 5. e3 e6 6. Bd3 Bd6 7. O-O Qc7 8. e4
Ng4 9. e5 Be7 10. Re1 O-O 11. h3 Nh6 12. Bxh6 gxh6 13. Qd2 Kg7 14. Qf4 Qd8 15.
h4 f6 16. Qg4+ Kh8 17. h5 Rg8 18. Qf4 Qf8 19. exf6 Nxf6 20. Re5 Bd6 21. Rae1 Qg7
22. Nh4 Nxh5 23. Qf3 Bxe5 24. Rxe5 Nf6 25. Ne2 Ne8 26. Nf4 Nc7 27. Qh5 Bd7 28.
Nfg6+ hxg6 29. Nxg6+ Kh7 30. Nf8+ Kh8 31. Ng6+ Kh7 32. Nf4+ Kh8 33. Ng6+ Kh7 34.
Rg5 Qf6 35. Ne5+ Kh8 36. Nf7+ Qxf7 37. Qxh6+ Qh7 38. Qxh7# {Black checkmated}
1-0

[Event "Team 45 45 League T44"]
[Site "Internet Chess Club"]
[Date "2010.02.20"]
[Round "3"]
[White "juniorVishy"]
[Black "chesshawk"]
[Result "0-1"]
[WhiteElo "1321"]
[BlackElo "1523"]
[Opening "King's Indian: orthodox, 7...Nbd7"]
[ECO "E94"]
[Time "19:00:26"]
[TimeControl "2700+45"]

1. d4 Nf6 2. c4 g6 3. Nc3 Bg7 4. e4 d6 5. Nf3 O-O 6. Be2 Nbd7 7. O-O e5 8. d5 a5
9. Be3 Nc5 10. Qc2 Nfd7 11. a3 a4 12. Nd2 f5 13. exf5 gxf5 14. b4 axb3 15. Nxb3
Nxb3 16. Qxb3 f4 17. Bd2 Nc5 18. Qc2 Bf5 19. Qd1 Qh4 20. Re1 e4 21. g3 fxg3 22.
fxg3 Bd4+ 23. Kh1 Qf6 24. Qc1 Nb3 25. Bg5 Qe5 26. Bf4 Qh8 27. Qd1 Bxc3 28. Qxb3
Bxa1 29. Qxb7 Qg7 30. Qb3 Qc3 31. Qxc3 Bxc3 32. Rc1 Bd4 33. Rb1 Rxa3 34. Bh6
Rfa8 35. Kg2 Ra2 36. Kf1 Ra1 37. Rxa1 Rxa1+ 38. Kg2 {White resigns} 0-1

[Event "Team 45 45 League T44"]
[Site "Internet Chess Club"]
[Date "2010.02.20"]
[Round "3"]
[White "Gilguli"]
[Black "rook9999"]
[Result "1-0"]
[WhiteElo "1556"]
[BlackElo "1702"]
[Opening "Sicilian defense"]
[ECO "B20"]
[Time "15:30:19"]
[TimeControl "2700+45"]

1. e4 c5 2. a3 Nc6 3. b4 cxb4 4. axb4 Nxb4 5. Ra4 Nc6 6. d4 d6 7. Bb5 Bd7 8. d5
Ne5 9. Bxd7+ Nxd7 10. Be3 Ngf6 11. Qd4 b6 12. Nc3 Nc5 13. Ra3 g6 14. Nf3 Bg7 15.
e5 dxe5 16. Nxe5 Nfd7 17. f4 Qc7 18. Nb5 Qb7 19. O-O Nxe5 20. fxe5 O-O 21. Qh4
Bxe5 22. c4 Bf6 23. Qg4 Qc8 24. Qxc8 Rfxc8 25. Rxa7 Rxa7 26. Nxa7 Ra8 27. Nc6
Nd7 28. Rb1 Ra6 29. Kf2 Ra2+ 30. Kf3 Ra3 31. Ke4 Nc5+ 32. Bxc5 bxc5 33. Rb5 Ra2
34. Kf3 Ra3+ 35. Kf2 Bd4+ 36. Nxd4 cxd4 37. c5 Rc3 38. c6 d3 39. Ke3 e6 40. d6
Rxc6 41. Rb8+ Kg7 42. d7 Rd6 43. d8=Q Rxd8 44. Rxd8 f5 45. Rxd3 Kf6 46. Rd7 h5
47. Rd6 Ke5 48. Rb6 g5 49. Rb5+ Kf6 50. g3 h4 51. gxh4 gxh4 52. Kf4 Kg6 53. Ke5
Kf7 54. Rb7+ Kg6 55. Kxe6 f4 56. Ke5 Kg5 57. h3 f3 58. Rb2 Kg6 59. Rf2 Kh7 60.
Rxf3 Kg7 61. Rf4 Kg6 62. Rg4+ Kf7 63. Rxh4 Ke7 64. Rh7+ Ke8 65. Ke6 Kd8 66. h4
Kc8 67. Kd6 Kb8 68. Kc6 Ka8 69. Kb6 Kb8 70. Rh8# {Black checkmated} 1-0

[Event "Team 45 45 League T44"]
[Site "Internet Chess Club"]
[Date "2010.02.19"]
[Round "3"]
[White "Playslikefish"]
[Black "UnderRated"]
[Result "0-1"]
[WhiteElo "1449"]
[BlackElo "1670"]
[Opening "English: ultra-symmetrical variation"]
[ECO "A36"]
[Time "13:06:08"]
[TimeControl "2700+45"]

1. c4 c5 2. g3 Nc6 3. Bg2 g6 4. Nc3 Bg7 5. a3 d6 6. e3 e5 7. Nge2 Bg4 8. Qa4 Bd7
9. Qc2 Nf6 10. Rb1 O-O 11. O-O Rb8 12. b4 cxb4 13. axb4 Bf5 14. e4 Be6 15. d3
Qd7 16. b5 Na5 17. Ba3 b6 18. Qd2 Bh3 19. f4 Bxg2 20. Kxg2 exf4 21. Qxf4 Rbd8
22. Qf2 Ng4 23. Qe1 Ne3+ 24. Kh1 Nxf1 25. Qxf1 Nb7 26. Nd5 f5 27. Nef4 fxe4 28.
Qe2 exd3 29. Qxd3 Nc5 30. Qc2 Rde8 31. Rd1 Ne4 32. Kg2 Qf5 33. Qc1 g5 34. Nh3
Qf3+ 35. Kg1 Nxg3 36. Qxg5 Qxd1+ 37. Kg2 Qe2+ {White forfeits on time} 0-1

[Event "Team 45 45 League T44"]
[Site "Internet Chess Club"]
[Date "2010.02.19"]
[Round "3"]
[White "Tamarin"]
[Black "Burbia"]
[Result "1-0"]
[WhiteElo "1531"]
[BlackElo "1372"]
[Opening "Dutch defense, Rubinstein variation"]
[ECO "A40"]
[Time "18:00:12"]
[TimeControl "2700+45"]

1. d4 e6 2. c4 f5 3. Nc3 Nf6 4. Nf3 Be7 5. Bg5 O-O 6. e3 d6 7. Bd3 Bd7 8. O-O c6
9. Qb3 Qc7 10. d5 Na6 11. dxe6 Bxe6 12. Qc2 Nb4 13. Qd2 Nxd3 14. Qxd3 Ng4 15.
Bxe7 Qxe7 16. Rad1 Rad8 17. b3 Ne5 18. Nxe5 dxe5 19. Qc2 Rxd1 20. Rxd1 Rd8 21.
Rxd8+ Qxd8 22. Qd1 Qxd1+ 23. Nxd1 c5 24. Kf1 a5 25. Nc3 Kf7 26. Na4 b5 27. cxb5
Bd7 28. b6 {Black resigns} 1-0

[Event "Team 45 45 League T44"]
[Site "Internet Chess Club"]
[Date "2010.02.21"]
[Round "3"]
[White "ollo"]
[Black "vishnugupta"]
[Result "1-0"]
[WhiteElo "1251"]
[BlackElo "1239"]
[Opening "Sicilian: Grand Prix attack"]
[ECO "B21"]
[Time "19:10:16"]
[TimeControl "2700+45"]

1. e4 c5 2. f4 e6 3. Nf3 d5 4. e5 Ne7 5. Bb5+ Bd7 6. Bxd7+ Nxd7 7. d4 Ng6 8. O-O
Be7 9. Kh1 f5 10. Ng5 h6 11. Nxe6 Qb6 12. Nxg7+ Kf7 13. Nxf5 Ndf8 14. Nxe7 Nxe7
15. Qh5+ Qg6 16. e6+ Nxe6 17. Qxg6+ Nxg6 18. f5 Nxd4 19. fxg6+ Kxg6 20. Na3 Rhf8
21. Rxf8 Rxf8 22. Be3 b6 23. Bxd4 cxd4 24. Nb5 Rf2 25. Nxd4 Rd2 26. Nc6 Rxc2 27.
Nxa7 Rxb2 28. Nc6 h5 29. Kg1 Rd2 30. Ne5+ Kf5 31. Nf3 Rd3 32. Re1 Ra3 33. Re5+
Kf4 34. Rxd5 Rxa2 35. Kf1 Ra5 36. Rxa5 bxa5 37. Nd4 Ke3 38. Nb5 Kd3 39. Ke1 a4
40. h3 Kc4 41. Na3+ Kb3 42. g4 Kxa3 43. gxh5 Kb2 44. h6 a3 45. h7 a2 46. h8=Q+
Kb1 47. Qb8+ Kc2 48. Qh2+ Kb1 49. Kd2 a1=Q 50. Qh1+ Kb2 51. Qxa1+ Kxa1 52. h4
Kb2 53. h5 Kb3 54. h6 Kc4 55. h7 Kd4 56. h8=Q+ Ke4 57. Qh5 Kd4 58. Qf5 Kc4 59.
Qe5 Kb4 60. Qd5 Ka4 61. Qb7 Ka5 62. Kd3 Ka4 63. Kc3 Ka5 64. Kc4 {Black resigns}
1-0

[Event "Team 45 45 League T44"]
[Site "Internet Chess Club"]
[Date "2010.02.21"]
[Round "3"]
[White "aapt"]
[Black "pedrin"]
[Result "0-1"]
[WhiteElo "1394"]
[BlackElo "1040"]
[Opening "Scotch game"]
[ECO "C45"]
[Time "12:02:12"]
[TimeControl "2700+45"]

1. e4 e5 2. Nf3 Nc6 3. d4 exd4 4. Nxd4 Nxd4 5. Qxd4 Nf6 6. Be2 d6 7. O-O Be7 8.
Bg5 h6 9. Bh4 c5 10. Qd2 Nxe4 11. Qd1 Bxh4 12. Bb5+ Bd7 13. Bxd7+ Qxd7 14. Nc3
Nxc3 15. bxc3 Bf6 16. Re1+ Be5 17. Qd2 O-O 18. Re3 Bf4 19. Rae1 Bxe3 20. Rxe3
Rfe8 21. Rg3 Re6 22. h3 Rae8 23. Kh2 Qa4 24. Qd3 Qxa2 25. Rf3 c4 26. Qf5 Rf6 27.
Qd7 Rf8 28. Re3 Rxf2 29. Rg3 Qxc2 30. Qg4 g6 31. Qh5 Kh7 32. Qh4 b5 33. Qe7 Kg7
34. Qxd6 a5 35. Qd4+ f6 36. Qg4 a4 37. h4 h5 38. Qxh5 a3 39. Qg4 Qf5 40. Qd1 a2
41. h5 Rh8 42. Rxg6+ Qxg6 43. Qd7+ Qf7 44. Qg4+ Kh6 45. Kg3 Qxh5 {White resigns}
0-1

[Event "Team 45 45 League T44"]
[Site "Internet Chess Club"]
[Date "2010.02.21"]
[Round "3"]
[White "rcddcr"]
[Black "Salvatore"]
[Result "1-0"]
[WhiteElo "1569"]
[BlackElo "1636"]
[Opening "Sicilian: Pelikan (Lasker/Sveshnikov) variation"]
[ECO "B33"]
[Time "16:19:39"]
[TimeControl "2700+45"]

1. e4 c5 2. Nf3 Nc6 3. d4 cxd4 4. Nxd4 Nf6 5. Nc3 e5 6. Ndb5 d6 7. Nd5 Nxd5 8.
exd5 Nb8 9. c4 a6 10. Qa4 Bd7 11. Qa3 Be7 12. Nxd6+ Kf8 13. Bd3 Bc8 14. c5 b6
15. Nxc8 Bxc5 16. b4 Bd4 17. Bb2 Bxb2 18. Qxb2 Qxc8 19. Qxe5 Qe8 20. Qxe8+ Kxe8
21. O-O Nd7 22. Rfe1+ Kf8 23. Rac1 g6 24. Rc7 Nf6 25. Ree7 Nxd5 26. Rxf7+ Ke8
27. Rb7 b5 28. Be4 Rd8 29. g3 Rd6 30. Bxd5 Rxd5 31. Rfe7+ Kd8 32. Ra7 h5 33. Rg7
Ke8 34. Rxg6 Rd8 35. Rgxa6 h4 36. Ra8 Kf7 37. Rxd8 Rxd8 38. gxh4 Rd1+ 39. Kg2
Rd5 40. a4 bxa4 41. Rxa4 Rb5 42. f4 Kf6 43. Kg3 Rd5 44. Kg4 Rd1 45. Ra6+ Kg7 46.
b5 Rb1 47. b6 Kf7 48. h5 Kg8 49. h6 Kh7 50. Kg5 Rg1+ 51. Kh5 Rb1 52. f5 Rb5 53.
Ra7+ Kh8 54. b7 Rxf5+ 55. Kg6 Rf8 56. Ra8 {Black resigns} 1-0

[Event "Team 45 45 League T44"]
[Site "Internet Chess Club"]
[Date "2010.02.22"]
[Round "3"]
[White "bajerk"]
[Black "quaker"]
[Result "0-1"]
[WhiteElo "1285"]
[BlackElo "1332"]
[Opening "King's pawn opening"]
[ECO "B07"]
[Time "15:00:22"]
[TimeControl "2700+45"]

1. e4 d6 2. Bc4 Nf6 3. d3 g6 4. Nc3 Bg7 5. Bg5 h6 6. Be3 e5 7. h3 Nc6 8. a3 O-O
9. Qd2 a6 10. Bxh6 b5 11. Ba2 Nd4 12. Bxg7 Kxg7 13. Nf3 Nxf3+ 14. gxf3 Rh8 15.
h4 Nh5 16. Qg5 Bb7 17. Bd5 Nf4 18. Bxb7 Qxg5 19. hxg5 Rxh1+ 20. Kd2 Rxa1 21.
Bxa8 Rf1 22. Ke3 Rg1 23. Ne2 Nxe2 24. Kxe2 Rxg5 25. Bb7 a5 26. Bc6 b4 27. axb4
axb4 28. Bd7 c5 29. Bg4 f5 30. exf5 gxf5 31. Bh3 Rh5 32. Bg2 Kg6 33. Ke3 Rh2 34.
Bf1 Kg5 35. b3 d5 36. Be2 d4+ 37. Kd2 Rxf2 38. Ke1 Rxe2+ 39. Kxe2 Kf4 40. Kf2 e4
41. fxe4 fxe4 42. Ke2 e3 43. Kf1 Ke5 44. Ke2 Kf5 45. Kf3 Ke5 46. Ke2 Kf4 47. Ke1
Kf3 48. Kf1 e2+ 49. Ke1 Ke3 50. c3 bxc3 {White resigns} 0-1

[Event "Team 45 45 League T44"]
[Site "Internet Chess Club"]
[Date "2010.02.21"]
[Round "3"]
[White "Cicero"]
[Black "MeansToAnEnd"]
[Result "0-1"]
[WhiteElo "1133"]
[BlackElo "1153"]
[Opening "Sicilian: Cortlever (Alatortsev) variation"]
[ECO "B53"]
[Time "12:22:38"]
[TimeControl "2700+45"]

1. e4 c5 2. Nf3 d6 3. d4 Nf6 4. Nc3 Nc6 5. Bb5 a6 6. Bd3 b5 7. d5 Nd4 8. O-O
Nxf3+ 9. Qxf3 c4 10. Be2 Bg4 11. Qe3 Bxe2 12. Nxe2 g6 13. Kh1 Bg7 14. Ng1 O-O
15. Qh3 Qc8 16. Qh4 Qg4 17. Qxg4 Nxg4 18. f3 Ne5 19. Nh3 f5 20. Ng5 Rf6 21. Bf4
fxe4 22. Bxe5 dxe5 23. fxe4 Raf8 24. Rxf6 Rxf6 25. Ne6 Bh6 26. g4 Rf2 27. g5 Bg7
28. Rc1 Re2 29. Nc5 a5 30. b3 h6 31. h4 hxg5 32. hxg5 c3 33. a3 Re3 34. Kg2 Re2+
35. Kf3 Rh2 36. Kg3 Rh5 37. Kg4 Rh2 38. Kf3 Rh5 39. Ne6 b4 40. axb4 axb4 41. Ke2
Rh4 42. Kd3 Kf7 43. Kc4 Rxe4+ 44. Kc5 Rg4 45. Rf1+ Kg8 46. Ra1 Rg2 47. Ra2 Rg4
48. Ra4 Rg2 49. Rxb4 Rxc2 50. Rc4 Kf7 51. Kb4 Rd2 52. Kxc3 Rxd5 53. Nxg7 Kxg7
54. Rc6 Kf7 55. b4 e4 56. Rc5 Ke6 57. Rc6+ Kf7 58. Rc5 e6 59. Rxd5 exd5 60. Kd4
Ke6 61. b5 Kd6 62. Ke3 Kc5 63. b6 Kxb6 64. Kd4 Kc6 65. Ke5 Kc5 66. Kf4 Kd4 67.
Kg3 e3 68. Kf3 Kd3 69. Kf4 e2 70. Ke5 e1=Q+ 71. Kf6 Qe4 72. Kg7 d4 73. Kg8 Kc3
74. Kf8 d3 75. Kg7 d2 76. Kg8 d1=Q 77. Kg7 Qdd4+ 78. Kh7 Qd7+ 79. Kh6 Qh4+ 80.
Kxg6 Qe8+ 81. Kf5 Qhe4+ 82. Kf6 Q8e6+ 83. Kg7 Q4g6+ 84. Kf8 Qef7# {White
checkmated} 0-1

[Event "Team 45 45 League T44"]
[Site "Internet Chess Club"]
[Date "2010.02.22"]
[Round "3"]
[White "chess92192"]
[Black "Sanders25"]
[Result "1-0"]
[WhiteElo "2031"]
[BlackElo "1872"]
[Opening "QGD: Tartakower (Makagonov-Bondarevsky) system"]
[ECO "D58"]
[Time "19:00:13"]
[TimeControl "2700+45"]

1. d4 d5 2. c4 e6 3. Nc3 Nf6 4. Bg5 Be7 5. e3 O-O 6. Nf3 h6 7. Bh4 b6 8. Rc1 Bb7
9. cxd5 Nxd5 10. Nxd5 exd5 11. Bxe7 Qxe7 12. Qc2 Nd7 13. Bd3 c5 14. O-O c4 15.
Bf5 b5 16. Qe2 Rfe8 17. g4 g6 18. Bxd7 Qxd7 19. Ne5 Qe7 20. Qf3 Kg7 21. Qg3 a5
22. h4 Rac8 23. g5 hxg5 24. hxg5 f6 25. gxf6+ Qxf6 26. f4 Qf5 27. Kf2 Rh8 28.
Rg1 Rh6 29. Ng4 Rh5 30. Ne5 Rh6 31. Qf3 b4 32. Nxc4 Rh3 33. Qg2 Rch8 34. Ne5 Rh2
35. Rc7+ Kf8 36. Rxb7 Rxg2+ 37. Rxg2 Qc2+ 38. Kg3 Qc8 39. Nxg6+ Ke8 40. Re7+ Kd8
41. Rh2 Rxh2 42. Kxh2 Qc2+ 43. Kh3 Qxg6 44. Re5 Kc7 45. f5 Qf7 46. Kg4 Kc6 47.
Kg5 Kb5 48. b3 Qg8+ 49. Kf6 a4 50. e4 axb3 51. axb3 Qg3 52. Rxd5+ Kc6 53. Ke6
Qxb3 54. f6 Qh3+ 55. Rf5 b3 56. f7 Qh6+ 57. Rf6 Qf8 58. d5+ Kc5 59. e5 b2 60.
Rf1 Qc8+ 61. Ke7 Qb7+ 62. Kd8 Qxd5+ 63. Kc8 Kc6 64. Rf6+ Kb5 65. f8=Q Qa8+ 66.
Kd7 Qxf8 67. Rxf8 Kc4 68. Rb8 Kc3 69. e6 Kc2 70. e7 b1=Q 71. Rxb1 Kxb1 72. e8=Q
{Black resigns} 1-0

[Event "Team 45 45 League T44"]
[Site "Internet Chess Club"]
[Date "2010.02.21"]
[Round "3"]
[White "winerum"]
[Black "hewdondada"]
[Result "1-0"]
[WhiteElo "1691"]
[BlackElo "1789"]
[Opening "Sicilian: Canal-Sokolsky attack, 3...Bd7"]
[ECO "B52"]
[Time "20:09:15"]
[TimeControl "2700+45"]

1. e4 c5 2. Nf3 d6 3. Bb5+ Bd7 4. Bxd7+ Nxd7 5. d4 cxd4 6. Qxd4 Ngf6 7. Nc3 g6
8. O-O Bg7 9. Bg5 O-O 10. Qd2 Qa5 11. Rfb1 a6 12. Nd5 Qd8 13. Re1 Re8 14. c3 Rc8
15. h3 Rc4 16. Qd3 b5 17. Nxf6+ exf6 18. Be3 Nc5 19. Bxc5 dxc5 20. Qd5 Bh6 21.
Rad1 Qe7 22. e5 f5 23. Qd6 Ra4 24. a3 b4 25. Qc6 Ra5 26. Rd7 Qe6 27. Qc7 Ra4 28.
Red1 bxa3 29. bxa3 Qc4 30. Rd8 Rf8 31. Rxf8+ Bxf8 32. Ng5 Rxa3 33. e6 Kg7 34.
Qxf7+ Kh6 35. Qxf8+ Kxg5 36. e7 Rxc3 37. e8=Q Qf4 38. Qfe7+ Kh6 39. Q8f8+ Kh5
40. Qxh7+ {Black resigns} 1-0

[Event "Team 45 45 League T44"]
[Site "Internet Chess Club"]
[Date "2010.02.20"]
[Round "3"]
[White "mugurelt"]
[Black "jps7"]
[Result "1-0"]
[WhiteElo "1767"]
[BlackElo "1623"]
[Opening "English: Neo-Catalan"]
[ECO "A13"]
[Time "21:40:00"]
[TimeControl "2700+45"]

1. c4 e6 2. Nf3 d5 3. g3 Nf6 4. Bg2 b6 5. b3 Bb7 6. Bb2 Nbd7 7. d3 Bb4+ 8. Nbd2
O-O 9. O-O Bd6 10. Qc2 c5 11. d4 Rc8 12. Rfc1 cxd4 13. Nxd4 e5 14. Nb5 Bb8 15.
Qf5 a6 16. Nc3 Nc5 17. cxd5 Nxd5 18. Bxd5 Bxd5 19. Nxd5 Qxd5 20. Nf3 g6 21. Qh3
f6 22. b4 Na4 23. Rxc8 Nxb2 24. Rxf8+ Kxf8 25. Qc8+ Kg7 26. Qxb8 Nc4 27. Qc7+
Kh6 28. Rc1 b5 29. Qc5 Qe4 30. Qf8+ Kh5 31. Qxf6 h6 32. h3 Qf5 33. g4+ {Black
resigns} 1-0

[Event "Team 45 45 League T44"]
[Site "Internet Chess Club"]
[Date "2010.02.19"]
[Round "3"]
[White "tammany"]
[Black "toukon"]
[Result "1-0"]
[WhiteElo "1690"]
[BlackElo "1466"]
[Opening "Sicilian: dragon, classical attack"]
[ECO "B72"]
[Time "21:02:22"]
[TimeControl "2700+45"]

1. e4 c5 2. Nf3 d6 3. d4 cxd4 4. Nxd4 Nf6 5. Nc3 g6 6. Be2 Bg7 7. Be3 O-O 8. Qd2
Nc6 9. f3 d5 10. Nxc6 bxc6 11. e5 Nd7 12. f4 Re8 13. h4 Nf8 14. h5 Ne6 15. hxg6
fxg6 16. Bg4 h5 17. Bh3 Nc7 18. g4 hxg4 19. Bf1 Bf5 20. Ne2 Ne6 21. Ng3 Kf7 22.
O-O-O Rh8 23. Rxh8 Bxh8 24. Nxf5 gxf5 25. Bd3 Ng7 26. Qh2 e6 27. Rh1 Ke7 28. Bf2
Kd7 29. Bh4 Qf8 30. Bf6 Rb8 31. Qf2 Ra8 32. Rh7 a5 33. Qb6 Qb4 34. Qxb4 axb4 35.
Bxg7 Bxg7 36. Rxg7+ Kc8 37. Rg8+ Kb7 38. Rxa8 Kxa8 39. Kd1 Kb7 40. Ke1 Kb6 41.
Kf2 Kc5 42. a4 bxa3 43. bxa3 Kb6 44. a4 Ka5 45. Bxf5 Kxa4 46. Bxe6 Ka5 47. Bd7
Kb6 48. f5 Kc7 49. e6 Kd8 50. Bxc6 d4 51. f6 {Black resigns} 1-0

[Event "Team 45 45 League T44"]
[Site "Internet Chess Club"]
[Date "2010.02.24"]
[Round "3"]
[White "mickeys"]
[Black "HumanTornado"]
[Result "1-0"]
[WhiteElo "1878"]
[BlackElo "1930"]
[Opening "QGD semi-Slav: Meran, Wade variation"]
[ECO "D47"]
[Time "19:21:38"]
[TimeControl "2700+45"]

1. d4 d5 2. Nf3 Nf6 3. c4 e6 4. Nc3 c6 5. e3 Nbd7 6. Bd3 dxc4 7. Bxc4 b5 8. Bd3
Bb7 9. Bd2 a6 10. O-O c5 11. Rc1 Rc8 12. b3 Bd6 13. Qe2 cxd4 14. exd4 h6 15. Ne4
Nxe4 16. Bxe4 Bxe4 17. Qxe4 O-O 18. Rxc8 Qxc8 19. Rc1 Qb8 20. h3 Rc8 21. Rc6 Nf6
22. Qc2 Rxc6 23. Qxc6 b4 24. Qxa6 Nd5 25. Qc4 Qa8 26. Qc2 Qa6 27. Be1 Nf4 28.
Qc4 Qxa2 29. Bxb4 Ne2+ 30. Kf1 Bxb4 31. Qxb4 Qc2 32. g3 Nc1 33. Qb8+ Kh7 34. Qf4
Qe2+ 35. Kg2 Nd3 36. Qe3 Qd1 37. g4 g6 38. Ne5 Ne1+ 39. Kh2 f6 40. Nc4 Nf3+ 41.
Kg3 Ng5 42. Kg2 Qc2 43. Nd2 f5 44. gxf5 gxf5 45. h4 Qc6+ 46. Kg3 Nf7 47. Nc4 Qh1
48. Qf3 Qg1+ 49. Qg2 f4+ 50. Kh3 Qd1 51. Qe4+ Kh8 52. Qxf4 Qxb3+ 53. Ne3 Kg7 54.
Qg4+ Kh7 55. Qe4+ Kh8 56. Qg6 Qb7 57. d5 exd5 58. Nf5 Qb3+ 59. Kh2 Qb2 60. Kg2
Qe5 61. Qxf7 {Black resigns} 1-0